 Dungeon Crawl Stone Soup version 0.28-a0-1235-g7c8fac35f0 (webtiles) character file.

Game seed: 13996893148293860559

185125 spimroxx the Devastator (level 18, -7/112 HPs)
             Began as a Gargoyle Earth Elementalist on Dec 25, 2021.
             Was the Champion of Vehumet.
             Killed from afar by a frost giant (8 damage)
             ... with a bolt of cold
             ... in an ice cave on Dec 26, 2021.
             The game lasted 02:15:16 (47573 turns).

spimroxx the Devastator (GrEE)                     Turns: 47573, Time: 02:15:17

Health: -7/112     AC: 29    Str: 16 (19) XL:     18   Next: 43%
Magic:  30/51      EV: 11    Int: 29 (31) God:    Vehumet [******]
Gold:   2207       SH: 16    Dex:  9 (10) Spells: 16/40 levels left

rFire   + . .      SeeInvis .   b - staff of conjuration
rCold   + . .      Faith    .   s - +0 kite shield
rNeg    + . .      Spirit   .   C - +2 ring mail of Bait {rF+ rC+ Str+6}
rPois   ∞          Reflect  +   V - +2 hat
rElec   +          Harm     .   c - scarf {repulsion}
rCorr   .          Rampage  .   z - +0 pair of gloves
Will    ++...                   W - +2 pair of boots {Stlth+}
Stlth   +++.......              o - amulet "Dumups" {Reflect MP+9 Int+6 SH+5}
HPRegen 0.28/turn               U - ring of willpower
MPRegen 0.32/turn               L - ring of magical power

@: frozen, flying, repel missiles, unable to read, very slow
A: sickness immunity, AC +13, big wings, negative energy resistance 1,
electricity resistance, torment resistance 1, petrification resistance, clever
1, inability to read while threatened
a: Renounce Religion


You were in an ice cave.
You worshipped Vehumet.
Vehumet was exalted by your worship.
You visited 7 branches of the dungeon, and saw 30 of its levels.
You also visited: Gauntlet and Ice Cave.

You collected 2884 gold pieces.
You spent 677 gold pieces at shops.

Inventory:

Hand Weapons
 P - a +6 dagger of flaming
Missiles
 q - 144 stones
Armour
 c - a scarf of repulsion (worn)
 s - a +0 kite shield (worn)
 z - a +0 pair of gloves (worn)
 C - the +2 ring mail of Bait (worn) {rF+ rC+ Str+6}
   (You found it on level 1 of the Lair of Beasts)

   Str:       It affects your strength (+6).
   rF:        It protects you from fire.
   rC:        It protects you from cold.
 G - a +3 chain mail of willpower
 V - a +2 hat (worn)
 W - a +2 pair of boots of stealth (worn)
Magical Staves
 b - a staff of conjuration (weapon)
Jewellery
 h - a ring of magical power
 o - the amulet "Dumups" (around neck) {Reflect MP+9 Int+6 SH+5}
   (You took it off a skeletal warrior on level 13 of the Dungeon)

   [amulet of reflection]

   It reflects blocked missile attacks.
   Int:       It affects your intelligence (+6).
   MP:        It affects your magic capacity (+9).
   SH:        It affects your SH (+5).
 J - an amulet of the acrobat
 L - a ring of magical power (right hand)
 T - an amulet of reflection
 U - a ring of willpower (left hand)
Wands
 a - a wand of acid (13)
 p - a wand of charming (11)
 y - a wand of iceblast (18)
 A - a wand of polymorph (17)
 K - a wand of flame (55)
 O - a wand of paralysis (7)
Scrolls
 d - 3 scrolls of fear
 e - 3 scrolls of enchant armour
 f - 7 scrolls of teleportation
 g - a scroll of acquirement
 k - 3 scrolls of amnesia
 l - 4 scrolls of silence
 n - 4 scrolls of magic mapping
 r - 8 scrolls of identify
 t - 5 scrolls of torment
 B - a scroll of blinking
 E - 8 scrolls of immolation
 I - a scroll of fog
 M - a scroll of enchant weapon
 X - 2 scrolls of holy word
 Y - 2 scrolls of summoning
Potions
 i - 6 potions of curing
 j - a potion of brilliance {unknown}
 m - 4 potions of mutation
 u - 4 potions of haste {unknown}
 v - 3 potions of ambrosia
 w - 4 potions of invisibility
 D - 5 potions of resistance
 H - 5 potions of cancellation {unknown}
 N - 2 potions of magic {unknown}
 Q - 3 potions of might


   Skills:
 - Level 12.0 Fighting
 * Level 9.0 Armour
 - Level 7.0 Dodging
 - Level 5.0 Stealth
 + Level 11.3 Shields
 + Level 11.6 Spellcasting
 + Level 15.8 Conjurations
 - Level 2.0 Transmutations
 * Level 9.7 Fire Magic
 - Level 9.0 Ice Magic
 - Level 7.0 Air Magic
 + Level 13.6 Earth Magic
 + Level 5.9 Poison Magic


You had 16 spell levels left.
You knew the following spells:

 Your Spells              Type           Power      Damage    Failure   Level
a - Sandblast             Erth           100%       2d20      1%          1
b - Stone Arrow           Conj/Erth      100%       3d13      1%          3
c - Freezing Cloud        Conj/Ice/Air   43%        6-21      1%          5
d - Orb of Destruction    Conj           52%        9d16      3%          7
e - Ignition              Fire           32%        3d10      92%         8

Your spell library contained the following spells:

 Spells                   Type           Power      Damage    Failure   Level
 Maxwell's Capacitive Co  Air            27%        ∞         99%         8
 Fire Storm               Conj/Fire      47%        8d12      100%        9
 Polar Vortex             Ice            31%        N/A       100%        9
 Freeze                   Ice            100%       1d11      1%          1
 Ensorcelled Hibernation  Hex/Ice        86%        N/A       1%          2
 Passwall                 Tmut/Erth      48%        N/A       1%          2
 Poisonous Vapours        Pois/Air       100%       N/A       1%          2
 Static Discharge         Conj/Air       90%        N/A       1%          2
 Conjure Flame            Conj/Fire      95%        6-21      1%          3
 Dazzling Flash           Conj/Hex       100%       N/A       1%          3
 Frozen Ramparts          Ice            100%       1d12      1%          3
 Ignite Poison            Fire/Tmut/Pois 50%        N/A       1%          3
 Mephitic Cloud           Conj/Pois/Air  83%        N/A       1%          3
 Ozocubu's Armour         Ice            62%        N/A       1%          3
 Swiftness                Air            55%        N/A       1%          3
 Hailstorm                Conj/Ice       93%        3d18      1%          4
 Sticky Flame             Conj/Fire      95%        2d10      1%          4
 Irradiate                Conj/Tmut      40%        3d27      1%          5
 Corpse Rot               Necr/Air       74%        N/A       3%          2
 Petrify                  Tmut/Erth      58%        N/A       3%          4
 Spider Form              Tmut/Pois      40%        N/A       4%          3
 Animate Armour           Summ/Erth      100%       N/A       4%          4
 Wereblood                Tmut           28%        N/A       6%          2
 Gell's Gravitas          Tloc           16%        N/A       26%         3
 Lesser Beckoning         Tloc           16%        N/A       26%         3
 Teleport Other           Tloc           16%        N/A       26%         3
 Lehudib's Crystal Spear  Conj/Erth      50%        10d12     32%         8
 Ozocubu's Refrigeration  Ice            31%        4d11      41%         7
 Silence                  Hex/Air        18%        N/A       50%         5
 Dispel Undead            Necr           16%        3d10      65%         4
 Agony                    Necr           16%        N/A       94%         5
 Summon Forest            Summ/Tloc      8%         N/A       94%         5
 Summon Mana Viper        Hex/Summ       16%        N/A       94%         5
 Dispersal                Tloc           8%         N/A       100%        6
 Summon Cactus Giant      Summ           8%         N/A       100%        6
 Summon Hydra             Summ           8%         N/A       100%        7
 Disjunction              Tloc           8%         N/A       100%        8
 Sublimation of Blood     Necr           Unusable   N/A       N/A         2

Dungeon Overview and Level Annotations

Branches:
Dungeon (15/15)            Temple (1/1) D:7            Lair (6/6) D:11
  Swamp (1/4) Lair:4       Spider (4/4) Lair:2        Slime (0/5) Lair:6
    Orc (2/2) D:9             Elf (0/3) Orc:2        Vaults (0/5) D:14
 Depths (1/4) D:15          IceCv (1/1)             Gauntlet (visited)

Altars:
Ashenzari
Cheibriados
Dithmenos
Elyvilon
Fedhas
Gozag
Hepliaklqana
Kikubaaqudgha
Makhleb
Nemelex Xobeh
Okawaru
Qazlal
Ru
Sif Muna
Trog
Uskayaw
Vehumet
Wu Jian
Xom
Yredelemnul
Zin
The Shining One
Beogh
Jiyva

Shops:
D:3 ?   D:14 !   D:15 *   Orc:2 *([=

Annotations:
Swamp:1 1 runed translucent door, xoxolimbo's ghost, journeyman DsFE
Spider:3 2 transporters, Goaghut's ghost, adept KoBe
Orc:1 3 runed translucent doors, Agrak's ghost, journeyman MiFi; Antent's ghost, journeyman OpBr; Izyifudo's ghost, journeyman DgAE; Nihiololl's ghost, journeyman GrGl; Semaub's ghost, journeyman MiFi


Innate Abilities, Weirdness & Mutations

You are immune to sickness and miasma.
Your stone body is resilient. (AC +13)
You are immune to poison.
Your large and strong wings let you fly.
You resist negative energy. (rN+)
You are resistant to electric shocks. (rElec)
You are resistant to unholy torment.
You are immune to petrification.
Your mind is acute. (Int +2)
You sometimes lose the ability to read scrolls when taking damage.


Message History

You are encased in ice.
The ironbound frostheart is engulfed in freezing vapours.
You cannot read scrolls in your current state!
Okay, then.
Press: ? - help, v - describe, . - travel
Here: a frost giant, wielding a +0 battleaxe of freezing The floor.
Unknown command.
Okay, then.
Unknown command.
The ice encasing you melts away. The frost giant casts a spell at you.
The bolt of cold hits you! You resist.
* * * LOW HITPOINT WARNING * * *
You feel better. You block the frost giant's attack.
Press: ? - help, v - describe, . - travel
Here: a frost giant, wielding a +0 battleaxe of freezing The floor.
Unknown command.
Unknown command.
Unknown command.
Casting: Stone Arrow (safe; 1% risk of failure)
Confirm with . or Enter, or press ? or * to list all spells.
Aiming: Orb of Destruction (dangerous; 3% risk of failure)
Press: ? - help, Shift-Dir - straight line, f/p - ironbound frostheart
Aim: an ironbound frostheart, wearing a +0 ring mail (freezing vapour, heavily wounded)
You feel a surge of power!
The wavering orb of destruction weakly hits the frost giant!!
The frost giant is moderately wounded.
The ice dragon breathes frost at you.
The blast of cold hits the frost giant!
The frost giant resists.
The blast of cold misses you.
The ironbound frostheart is engulfed in freezing vapours.
The ironbound frostheart calls freezing cold from the walls.
The frost grips you!! You partially resist.
* * * LOW HITPOINT WARNING * * *
You are encased in ice.
The frost giant gestures at you while chanting.
The bolt of cold hits you! You resist.
You die...

##.§#
#.### #.#
#.# #.##
##..##
#..∩.#
##..##
#@## #C###
#D#†#.#..#
##C.hph.#
#:p#DC..#
#))# ..##
#[)# ##
#!}[ ####


You could see 2 frost giants, an ice dragon (catching breath) and an ironbound
frostheart.

Vanquished Creatures
  Bai Suzhen (Spider:2)
  A lich (Depths:1)
  Asterion (Spider:2)
  A sphinx (D:12)
  Kirke (D:13)
  A tengu reaver (D:13)
  A ghost moth (Spider:4)
  2 orc warlords
  3 emperor scorpions
  A ghoul (D:13)
  Nessos (Orc:2)
  A stone giant (D:15)
  A minotaur (Gauntlet)
  2 dire elephants
  A spark wasp (Spider:3)
  3 entropy weavers
  Snorg (D:12)
  A yaktaur captain (D:13)
  13 hydras
  Erolcha (D:12)
  2 ogre magi
  A vault guard (D:14)
  5 boulder beetles
  A death knight (D:14)
  6 catoblepae
  5 centaur warriors
  14 death yaks (Lair:6)
  10 two-headed ogres
  A deep troll shaman (Lair:6)
  An alligator (Swamp:1)
  A deep troll earth mage (Depths:1)
  2 tengu warriors
  6 orc high priests (Orc:2)
  4 skeletal warriors
  A deep troll (Depths:1)
  2 wizards
  A bog body (Swamp:1)
  2 lindwurms (Lair:4)
  3 deep elf pyromancers
  A lindwurm (shapeshifter) (D:13)
  26 wolf spiders
  2 orc sorcerers
  4 manticores
  20 orb spiders
  6 orc knights
  6 cyclopes
  12 ugly things
  2 moths of wrath
  6 black mambas
  A gargoyle (D:13)
  26 elephants
  An apocalypse crab (Gauntlet)
  2 torpor snails
  10 cane toads
  Joseph (D:7)
  2 unseen horrors (D:11)
  15 rime drakes
  3 yaktaurs (D:15)
  12 komodo dragons
  A guardian mummy (D:12)
  2 efreet
  13 trolls
  14 demonic crawlers
  2 tengu conjurers (D:13)
  3 meliai (D:15)
  10 polar bears
  42 jumping spiders
  9 hornets
  A slime creature (D:8)
  21 blink frogs
  A raiju (Gauntlet)
  66 redbacks
  A centaur simulacrum (D:13)
  3 spriggans
  27 tarantellas
  2 wyverns
  2 wraiths (D:12)
  60 yaks
  6 basilisks
  4 hogs (D:13)
  A water elemental (D:15)
  2 vampires (D:12)
  A chaos spawn (Gauntlet)
  A vampire mosquito (D:8)
  A neqoxec (Gauntlet)
  2 steam dragons
  3 swamp worms (Swamp:1)
  5 wargs
  21 water moccasins
  An acid dragon (D:9)
  Duvessa (D:5)
  A swamp drake (D:9)
  38 orc warriors
  2 sky beasts
  7 black bears
  20 ogres
  6 boggarts
  A necrophage (D:6)
  29 wolves
  6 centaurs
  5 kobold brigands
  2 phantoms (D:5)
  11 bullfrogs
  3 scorpions
  A wyvern zombie (D:8)
  Dowan (D:5)
  8 electric eels
  4 wights
  5 howler monkeys (D:8)
  A crimson imp (D:8)
  A centaur skeleton (D:6)
  7 centaur zombies
  A hound (D:6)
  23 orc priests
  A bullfrog skeleton (D:6)
  27 orc wizards
  3 iguanas
  6 hell rats (Lair:5)
  A lightning spire (Gauntlet)
  A killer bee zombie (D:7)
  A hound skeleton (D:5)
  2 mummies (D:13)
  3 howler monkey zombies
  7 adders
  3 gnolls (D:2)
  A shadow imp (Gauntlet)
  A white imp (D:7)
  4 worms
  2 dart slugs (D:5)
  100 orcs
  4 ball pythons
  10 endoplasms
  5 giant cockroaches
  4 hobgoblins
  A jackal (D:2)
  9 quokkas
  4 bats
  4 frilled lizards (D:1)
  7 goblins
  32 kobolds
  7 rats
  A bush (Lair:6)
1027 creatures vanquished.

Vanquished Creatures (collateral kills)
  A worldbinder (Gauntlet)
1 creature vanquished.

Vanquished Creatures (others)
  2 orc wizards
  An orc (D:9)
  A kobold (D:9)
  2 foxfires (Swamp:1)
  158 fungi
  136 plants
  2 withered plants
302 creatures vanquished.

Grand Total: 1330 creatures vanquished

Notes
Turn   | Place    | Note
-------+----------+-------------------------------------------
     0 | D:1      | spimroxx the Gargoyle Earth Elementalist began the quest
                  | for the Orb.
     0 | D:1      | Reached XP level 1. HP: 10/10 MP: 3/3
   203 | D:1      | Reached XP level 2. HP: 15/15 MP: 3/5
   207 | D:1      | Reached skill level 1 in Transmutations
   383 | D:1      | Reached skill level 1 in Conjurations
   757 | D:1      | Reached XP level 3. HP: 17/20 MP: 6/6
   922 | D:1      | Learned a level 3 spell: Stone Arrow
  1542 | D:2      | Reached XP level 4. HP: 24/24 MP: 3/7
  1546 | D:2      | HP: 1/24 [gnoll (2)]
  1556 | D:2      | Reached skill level 1 in Fighting
  1556 | D:2      | Reached skill level 2 in Conjurations
  2654 | D:3      | Found Uleskiss's Magic Scroll Shop.
  2757 | D:3      | Noticed a scorpion
  2801 | D:3      | Killed a scorpion
  2802 | D:3      | Reached XP level 5. HP: 19/29 MP: 0/8
  3020 | D:3      | Found a faded altar of an unknown god.
  3385 | D:4      | Reached skill level 3 in Conjurations
  3551 | D:4      | Found a basalt altar of Yredelemnul.
  3588 | D:4      | Reached skill level 5 in Earth Magic
  3588 | D:4      | Reached XP level 6. HP: 16/35 MP: 1/10
  3962 | D:4      | Found a broken altar of Ashenzari.
  4694 | D:4      | Found a hazy altar of Hepliaklqana.
  4869 | D:5      | Entered Level 5 of the Dungeon
  4869 | D:5      | Noticed a black bear
  5113 | D:5      | Reached XP level 7. HP: 30/40 MP: 1/11
  5969 | D:5      | Noticed Dowan
  6137 | D:5      | Found a bloodstained altar of Trog.
  6200 | D:6      | Reached XP level 8. HP: 43/46 MP: 0/13
  6296 | D:6      | Reached skill level 5 in Stealth
  6726 | D:6      | Noticed a yak
  6726 | D:6      | Noticed a yak
  6773 | D:6      | Noticed a yak
  6774 | D:6      | Killed a yak
  7244 | D:6      | Killed a yak
  7245 | D:6      | Reached skill level 5 in Fighting
  7245 | D:6      | Reached skill level 5 in Spellcasting
  7245 | D:6      | Reached XP level 9. HP: 54/54 MP: 6/16
  7909 | D:7      | Reached skill level 10 in Earth Magic
  8202 | D:7      | Found a staircase to the Ecumenical Temple.
  8220 | Temple   | Entered the Ecumenical Temple
  8561 | Temple   | Became a worshipper of Vehumet
  8646 | D:7      | Noticed Joseph
  8664 | D:7      | Killed Joseph
  9278 | D:7      | Noticed a four-headed hydra
  9592 | D:8      | Found a snail-covered altar of Cheibriados.
  9621 | D:7      | Reached XP level 10. HP: 61/61 MP: 0/19
  9955 | D:8      | Found a shimmering altar of Xom.
  9957 | D:8      | Found a burning altar of Makhleb.
 10160 | D:8      | Noticed a two-headed ogre
 10218 | D:8      | Killed a two-headed ogre
 10442 | D:8      | Reached * piety under Vehumet
 10442 | D:8      | Offered knowledge of Freeze by Vehumet.
 10844 | D:8      | Noticed a catoblepas
 11019 | D:8      | Reached skill level 1 in Ice Magic
 11025 | D:8      | Reached skill level 1 in Armour
 11025 | D:8      | Reached skill level 1 in Shields
 11025 | D:8      | Reached skill level 1 in Air Magic
 11575 | D:8      | Noticed a green ugly thing
 11588 | D:8      | Killed a green ugly thing
 11736 | D:8      | Killed a catoblepas
 11737 | D:8      | Reached XP level 11. HP: 46/68 MP: 8/21
 12150 | D:9      | Reached skill level 4 in Conjurations
 12644 | D:9      | Found a shadowy altar of Dithmenos.
 12705 | D:9      | Offered knowledge of Scorch by Vehumet.
 12706 | D:9      | Reached ** piety under Vehumet
 12892 | D:9      | Found a staircase to the Orcish Mines.
 13180 | D:10     | Entered Level 10 of the Dungeon
 13523 | D:10     | Offered knowledge of Searing Ray by Vehumet.
 13713 | D:10     | Found an opulent altar of Gozag.
 13939 | D:10     | Reached skill level 5 in Conjurations
 14119 | D:10     | Reached *** piety under Vehumet
 14471 | D:11     | Noticed a manticore
 14480 | D:11     | Killed a manticore
 14660 | D:11     | Noticed a two-headed ogre
 14665 | D:11     | Killed a two-headed ogre
 14996 | D:11     | Noticed a five-headed hydra
 15232 | D:11     | Found a staircase to the Lair.
 15338 | D:11     | Reached skill level 5 in Ice Magic
 15338 | D:11     | Reached XP level 12. HP: 46/75 MP: 18/23
 15785 | D:11     | Killed a five-headed hydra
 16036 | D:7      | Killed a four-headed hydra
 16037 | D:7      | Reached skill level 6 in Conjurations
 16113 | D:5      | Killed Dowan
 16119 | D:5      | Noticed Duvessa
 16130 | D:5      | Killed Duvessa
 16523 | Orc:1    | Entered Level 1 of the Orcish Mines
 16647 | Orc:1    | Offered knowledge of Inner Flame by Vehumet.
 16655 | Orc:1    | Learned a level 5 spell: Freezing Cloud
 16738 | Orc:2    | Entered Level 2 of the Orcish Mines
 16757 | Orc:2    | Noticed an orc high priest
 16969 | Orc:2    | Noticed an orc warlord
 16981 | Orc:2    | Killed an orc high priest
 17449 | D:9      | Killed an orc warlord
 17827 | Orc:2    | Noticed an orc high priest
 17836 | Orc:2    | Found Ywnuoz's Antique Weapon Shoppe.
 17862 | Orc:2    | Killed an orc high priest
 18035 | Orc:2    | Noticed an orc high priest
 18142 | Orc:2    | Reached skill level 5 in Air Magic
 18362 | Orc:2    | Reached **** piety under Vehumet
 18367 | Orc:2    | Reached skill level 7 in Conjurations
 18474 | Orc:2    | Offered knowledge of Yara's Violent Unravelling by Vehumet.
 18658 | Orc:2    | Killed an orc high priest
 18693 | Orc:2    | Noticed Nessos
 18785 | Orc:2    | Killed Nessos
 18914 | Orc:2    | Noticed an orc high priest
 19092 | Orc:2    | Killed an orc high priest
 19093 | Orc:2    | Reached skill level 5 in Armour
 19183 | Orc:2    | Reached skill level 5 in Shields
 19211 | Orc:2    | Reached XP level 13. HP: 80/80 MP: 2/25
 19474 | Orc:2    | Reached skill level 8 in Conjurations
 19573 | Orc:2    | Found Viwaoju's Antique Armour Emporium.
 19578 | Orc:2    | Found a staircase to the Elven Halls.
 19984 | Orc:2    | Found Xicviett's General Store.
 20246 | Orc:2    | Found Mymilicin's Jewellery Emporium.
 20394 | Orc:1    | Noticed Agrak's ghost (journeyman MiFi)
 20394 | Orc:1    | Noticed Antent's ghost (journeyman OpBr)
 20394 | Orc:1    | Found a runed translucent gate.
 20394 | Orc:1    | Found a runed translucent gate.
 20394 | Orc:1    | Found a runed translucent gate.
 20394 | Orc:1    | Noticed Izyifudo's ghost (journeyman DgAE)
 20394 | Orc:1    | Noticed Nihiololl's ghost (journeyman GrGl)
 20395 | Orc:1    | Noticed Semaub's ghost (journeyman MiFi)
 20511 | Orc:1    | Reached ***** piety under Vehumet
 20512 | Orc:1    | Offered knowledge of Conjure Ball Lightning by Vehumet.
 20519 | Orc:1    | Reached skill level 5 in Dodging
 20526 | Orc:1    | Noticed an orc warlord
 20584 | Orc:1    | Killed an orc warlord
 20585 | Orc:1    | Reached skill level 9 in Conjurations
 21813 | D:12     | Noticed Erolcha
 21820 | D:12     | Killed Erolcha
 21821 | D:12     | Reached skill level 1 in Fire Magic
 22376 | D:12     | Reached skill level 10 in Fighting
 22526 | D:12     | Found a stormy altar of Qazlal.
 22842 | Lair:1   | Entered Level 1 of the Lair of Beasts
 23450 | Lair:1   | Identified the +2 ring mail of Bait {rF+ rC+ Str+6}
 24166 | Lair:2   | Gained mutation: Your large and strong wings let you fly.
                  | [Gargoyle growth]
 24166 | Lair:2   | Reached XP level 14. HP: 88/88 MP: 18/26
 24458 | Lair:2   | Reached skill level 10 in Conjurations
 24798 | Lair:2   | Found a hole to the Spider Nest.
 25675 | Lair:3   | Found an ancient bone altar of Kikubaaqudgha.
 26859 | Lair:4   | Found a staircase to the Swamp.
 28453 | Lair:5   | Reached skill level 5 in Fire Magic
 28637 | Lair:5   | Noticed a dire elephant
 28638 | Lair:5   | Found a gate leading to a gauntlet.
 28648 | Gauntlet | Entered a Gauntlet
 28648 | Gauntlet | Found a transporter.
 28654 | Gauntlet | Gained mutation: Your mind is acute. (Int +2) [a neqoxec]
 28662 | Gauntlet | Found a transporter.
 28662 | Gauntlet | Found a transporter.
 28663 | Gauntlet | Found a transporter.
 28678 | Gauntlet | Found a transporter.
 28679 | Gauntlet | Found a transporter.
 28679 | Gauntlet | Found a transporter.
 28846 | Gauntlet | Found a transporter.
 28847 | Gauntlet | Found a transporter.
 28854 | Gauntlet | Found a transporter.
 28862 | Gauntlet | Found a transporter.
 28868 | Gauntlet | Found a transporter.
 28868 | Gauntlet | Found a transporter.
 28937 | Gauntlet | Found a transporter.
 29017 | Gauntlet | Reached skill level 11 in Conjurations
 29110 | Lair:5   | Offered knowledge of Orb of Destruction by Vehumet.
 29354 | Lair:5   | Killed a dire elephant
 29355 | Lair:5   | Reached XP level 15. HP: 68/93 MP: 21/28
 29363 | Lair:5   | Learned a level 7 spell: Orb of Destruction
 30513 | Lair:6   | Entered Level 6 of the Lair of Beasts
 30585 | Lair:6   | Found a viscous altar of Jiyva.
 30585 | Lair:6   | Found a staircase to the Slime Pits.
 31102 | Lair:6   | Reached skill level 12 in Conjurations
 31189 | Lair:6   | Reached ****** piety under Vehumet
 31571 | Lair:6   | Offered knowledge of Lee's Rapid Deconstruction by Vehumet.
 32251 | Lair:6   | Reached skill level 10 in Spellcasting
 32628 | Lair:6   | Reached XP level 16. HP: 99/99 MP: 24/30
 33173 | Orc:2    | Bought a jewelled scale mail for 252 gold pieces
 33173 | Orc:2    | Identified the +1 scale mail of Peek-a-Boo {Int+5 Dex+6}
                  | (You bought it in a shop on level 2 of the Orcish Mines)
 33394 | D:13     | Noticed Snorg
 33528 | D:12     | Killed Snorg
 33631 | D:13     | Noticed a sphinx
 33834 | D:13     | Noticed a tengu reaver
 33845 | D:12     | Killed a sphinx
 33993 | D:13     | Killed a tengu reaver
 34372 | D:13     | Noticed Kirke
 34382 | D:13     | Killed Kirke
 34513 | D:13     | Reached skill level 13 in Conjurations
 34740 | D:13     | Identified the +6 halberd of Wopine {pain, rC- Str+3 Dex+6}
 34740 | D:13     | Identified the amulet "Dumups" {Reflect MP+9 Int+6 SH+5}
 35973 | D:14     | Found Giett's Distillery.
 35997 | D:14     | Offered knowledge of Fireball by Vehumet.
 36742 | D:14     | Found a gate to the Vaults.
 37385 | D:15     | Entered Level 15 of the Dungeon
 37578 | D:15     | Reached skill level 14 in Conjurations
 37722 | D:15     | Found a staircase to the Depths.
 37727 | D:15     | Reached skill level 10 in Shields
 38043 | D:15     | Found Hecenk's Assorted Antiques.
 38085 | D:15     | Reached XP level 17. HP: 104/104 MP: 10/31
 38435 | Depths:1 | Entered Level 1 of the Depths
 38435 | Depths:1 | Noticed a lich
 38439 | Depths:1 | Killed a lich
 38680 | Orc:2    | Bought a ring of willpower for 425 gold pieces
 38923 | Spider:1 | Entered Level 1 of the Spider Nest
 38930 | Spider:1 | Offered knowledge of Lightning Bolt by Vehumet.
 39327 | Spider:1 | Identified the +1 morningstar "Jegesh" {vorpal, rF- rN+
                  | Int+4}
 39574 | Spider:1 | Reached skill level 1 in Poison Magic
 40543 | Spider:2 | Noticed Asterion
 40746 | Spider:2 | Gained mutation: You sometimes lose the ability to read
                  | scrolls when taking damage. [a cacodemon]
 40977 | Spider:2 | Killed Asterion
 41451 | Spider:2 | Offered knowledge of Iron Shot by Vehumet.
 41978 | Spider:2 | Reached skill level 15 in Conjurations
 43064 | Spider:3 | Offered knowledge of Ignition by Vehumet.
 43828 | Spider:3 | Noticed Goaghut's ghost (adept KoBe)
 43833 | Spider:3 | Found a transporter.
 43836 | Spider:3 | Found a transporter.
 44364 | Spider:4 | Entered Level 4 of the Spider Nest
 44364 | Spider:4 | Noticed Bai Suzhen
 44396 | Spider:4 | Identified a scroll of acquirement
 44409 | Spider:3 | Reached XP level 18. HP: 103/112 MP: 10/33
 44734 | Spider:4 | Reached skill level 5 in Poison Magic
 45930 | Spider:2 | Killed Bai Suzhen
 47036 | Swamp:1  | Entered Level 1 of the Swamp
 47041 | Swamp:1  | Found a runed translucent door.
 47056 | Swamp:1  | Found a shimmering altar of Xom.
 47056 | Swamp:1  | Noticed xoxolimbo's ghost (journeyman DsFE)
 47115 | Swamp:1  | Found a frozen archway.
 47127 | IceCv    | Entered an ice cave
 47195 | IceCv    | Learned a level 8 spell: Ignition
 47307 | IceCv    | Offered knowledge of Fire Storm by Vehumet.
 47307 | IceCv    | Offered knowledge of Polar Vortex by Vehumet.
 47307 | IceCv    | Offered knowledge of Maxwell's Capacitive Coupling by
                  | Vehumet.
 47573 | IceCv    | HP: 1/112 [ironbound frostheart/creeping frost (25)]
 47573 | IceCv    | Killed from afar by a frost giant

Illustrated notes

Levels and vault maps discovered:
D:1:      dpeg_arrival_renting, layout_rooms
D:2:      layout_basic, minmay_vboxes
D:3:      layout_rooms, shapermc_ecumenical_altar_pompeii, serial_shops,
          nicolae_shop_hallway_stairs, minmay_misc_feat_encased,
          serial_park_tiny_2, hangedman_decor_lopped
D:4:      layout_loops_ring, yredelemnul_altar_generic,
          nicolae_hepliaklqana_hippocampus, kennysheep_mini_moat,
          serial_bayou_lake_a
D:5:      layout_loops_cross, trog_ov_bears_minmay, uniq_duvessa
D:6:      layout_rooms
D:7:      layout_basic, minmay_temple_entry_tees, uniq_joseph
D:8:      nzn_winding_woodlands_cross [nzn_winding_woodlands_5x15_default,
          nzn_winding_woodlands_5x15_eye, nzn_winding_woodlands_5x15_jagged,
          nzn_winding_woodlands_5x15_garden,
          nzn_winding_woodlands_15x15_thick_spiral], layout_basic,
          grunt_temple_overflow_champion_of_chaos,
          mainiacjoe_overflow_surrounded_room
D:9:      layout_loops_ring, lemuel_doored_altar, erik_orc_1, minmay_circle_x
D:10:     layout_basic, mainiacjoe_overflow_catwalk
D:11:     layout_basic, lair_entry_dummy
D:12:     layout_roguey, nicolae_qazlal_scattered_showers, uniq_erolcha
D:13:     minmay_strange_plus, layout_rooms, serial_undead, serial_undead_c,
          serial_undead_f, serial_undead_c, serial_undead_a, serial_undead_b,
          uniq_kirke, uniq_snorg
D:14:     layout_small_grid, david_vaults_5, serial_shops,
          nicolae_shop_hallway_stairs, special_room [special_room_orc],
          kennysheep_another_room, minmay_misc_feat_plants
D:15:     grunt_enter_depths_giant_problem, layout_cave_pools, minivault_4,
          serial_shops, shop_statue
Temple:   oiseaux_autumnal_temple
Lair:1:   layout_roguey, serial_bayou_lagoon_a
Lair:2:   layout_chaotic_city, spider_nest_entry_funnel_web, minmay_holes
Lair:3:   layout_layer_cave, basic_altar, grunt_megastairs_4
Lair:4:   layout_regular_city, minmay_swamp_entry_eels, nicolae_lair_lindhole
Lair:5:   mu_elephants_graveyard, layout_regular_city, gauntlet_entry_generic,
          nicolae_volcano_entry_s_turn
Lair:6:   grunt_lair_end_beastmaster, layout_gridlike, slime_altar_1
Swamp:1:  layout_basic_swamp, portal_ice_cave_entry_pillars_1,
          ebering_ghost_xom, nicolae_swamp_little_tower, swamp_pool1,
          infiniplex_staircase_pool_2
Spider:1: layout_spider_delve, hangedman_spider_tarantella_strand
Spider:2: layout_chambers, uniq_asterion
Spider:3: layout_spider_delve, gammafunk_ghost_arena,
          nicolae_spider_some_kinda_spiderbox
Spider:4: spider_rune_water, uniq_bai_suzhen
Orc:1:    layout_caves, basic_altar, gammafunk_ghost_cemetery
Orc:2:    grunt_orc_gardens, layout_diamond_mine, grunt_orc_garden,
          grunt_orc_garden, grunt_orc_garden, grunt_orc_garden, basic_altar,
          mines4_lemuel, uniq_nessos
Depths:1: layout_long_grid, lightli_too_deep, ashenzari_altar_1,
          serial_bayou_shore_a, grunt_megastairs_2, kennysheep_random_hallway
IceCv:    ice_cave_caverns_01

Skill      XL: |  1  2  3  4  5  6  7  8  9 10 11 12 13 14 15 16 17 18 |
---------------+-------------------------------------------------------+-----
Transmutations | 1 2 |  2.0
Conjurations   | 1 2 3 5 7 9 11 12 14 15 | 15.8
Earth Magic    | 4 5 7 9 11 12 13 | 13.6
Fighting       | 1 2 3 5 6 7 8 9 10 11 12 | 12.0
Stealth        | 3 4 5 |  5.0
Spellcasting   | 3 5 6 7 8 9 10 11 | 11.6
Ice Magic      | 2 5 6 7 8 9 |  9.0
Armour         | 2 3 5 6 7 8 9 |  9.0
Shields        | 2 3 5 6 7 8 10 11 | 11.3
Air Magic      | 2 4 5 6 7 |  7.0
Dodging        | 2 3 4 5 6 7 |  7.0
Fire Magic     | 3 5 6 8 9 |  9.7
Poison Magic   | 4 5 |  5.9

Action                   |  1- 3 |  4- 6 |  7- 9 | 10-12 | 13-15 | 16-18 || total
-------------------------+-------+-------+-------+-------+-------+-------++-------
Melee: Unarmed           |    14 |       |       |       |       |       ||    14
       Dagger            |    56 |   175 |    88 |    14 |    46 |       ||   379
       Mace              |       |       |       |    86 |       |       ||    86
       Hand axe          |       |       |       |     5 |       |       ||     5
       Staff             |       |       |       |       |       |    10 ||    10
 Cast: Sandblast         |    35 |    82 |    27 |    61 |   205 |    41 ||   451
       Stone Arrow       |       |     6 |    92 |   333 |   419 |   535 ||  1385
       Freezing Cloud    |       |       |       |    12 |    95 |    69 ||   176
       Orb of Destructio |       |       |       |       |       |   123 ||   123
Evoke: Wand              |       |       |       |     1 |       |       ||     1
  Use: Scroll            |       |       |     7 |    12 |    11 |    10 ||    40
       Potion            |       |       |       |     1 |       |     6 ||     7
 Stab: Sleeping          |     1 |     4 |       |       |       |       ||     5
       Petrified         |       |       |       |       |     4 |       ||     4
Armor: Robe              |    18 |    34 |       |       |       |       ||    52
       Leather armour    |       |    35 |    65 |    13 |       |       ||   113
       Troll leather arm |       |       |       |   106 |    31 |       ||   137
       Ring mail         |       |       |       |       |   166 |   315 ||   481
       Chain mail        |       |       |       |       |     8 |       ||     8
Dodge: Dodged            |    53 |   100 |    61 |   258 |   373 |   262 ||  1107
       Repelled          |       |     1 |     3 |     2 |    11 |     6 ||    23
Block: Buckler           |       |       |       |       |   103 |    54 ||   157
       Reflection        |       |       |       |       |       |    14 ||    14
       Kite shield       |       |       |       |       |       |   316 ||   316

Table legend: (Time is in decaauts)
 A = Elapsed time spent in this place.
 B = Non-inter-level travel time spent in this place.
 C = Inter-level travel time spent in this place.
 D = Time resting spent in this place.
 E = Time spent auto-exploring this place.
 F = Levels seen in this place.
 G = Mean time per level.
                   A        B        C        D        E       F      G
               +--------+--------+--------+--------+--------+-----+--------+
         Total |  47755 |  44510 |   3245 |  10767 |  24322 |  32 | 1492.3 |
       Dungeon |  24270 |  22160 |   2110 |   4348 |  13017 |  15 | 1618.0 |
        Temple |    381 |    355 |     26 |      0 |    287 |   1 |  381.0 |
          Lair |   9933 |   9335 |    598 |   1085 |   6683 |   6 | 1655.5 |
         Swamp |     90 |     90 |      0 |     13 |      0 |   1 |   90.0 |
   Spider Nest |   8041 |   7864 |    177 |   3147 |   3104 |   4 | 2010.2 |
  Orcish Mines |   4150 |   3819 |    331 |   1628 |   1230 |   2 | 2075.0 |
        Depths |     13 |     13 |      0 |      0 |      0 |   1 |   13.0 |
      Ice Cave |    447 |    447 |      0 |    280 |      0 |   1 |  447.0 |
      Gauntlet |    427 |    427 |      0 |    266 |      0 |   1 |  427.0 |
               +--------+--------+--------+--------+--------+-----+--------+

Top non-repeatable levels by time:
Spider:2: 3119 daAuts
    D:12: 2626 daAuts
     D:9: 2392 daAuts
  Lair:6: 2180 daAuts
     D:8: 2173 daAuts
Spider:3: 2111 daAuts
   Orc:2: 2099 daAuts
   Orc:1: 2050 daAuts
     D:7: 1978 daAuts
  Lair:5: 1839 daAuts
     D:5: 1738 daAuts
  Lair:4: 1732 daAuts
  Lair:3: 1693 daAuts
    D:11: 1620 daAuts
     D:2: 1619 daAuts
